 Dungeon Crawl Stone Soup version 0.20-a0-731-gecde0bf (webtiles) character file.

30 Alarkh the Slasher (level 3, 19/29 HPs)
             Began as a Demonspawn Monk on Feb 22, 2017.
             Got out of the dungeon alive.
             The game lasted 00:00:45 (962 turns).

Alarkh the Slasher (Demonspawn Monk)                 Turns: 962, Time: 00:00:46

Health: 19/29      AC: 11    Str: 11    XL:     3   Next: 5%
Magic:  3/3        EV: 13    Int: 12    God:
Gold:   61         SH:  0    Dex: 15    Spells: 2/2 levels left

rFire    . . .     SeeInvis .   a - +0 falchion
rCold    . . .     Gourm    .   b - +0 robe
rNeg     . . .     Faith    .   (no shield)
rPois    .         Spirit   .   (no helmet)
rElec    .         Reflect  .   (no cloak)
rCorr    .         Harm     .   (no gloves)
MR       .....                  (no boots)
Stlth    ++........             (no amulet)
Regen    0.1/turn               (no ring)
MPRegen  0.1/turn               (no ring)

@: sanguine armour
A: sanguine armour 2
a: no special abilities


You escaped.
You were not hungry.

You visited 1 branch of the dungeon, and saw 1 of its levels.

You collected 61 gold pieces.

Inventory:

Hand Weapons
 a - a +0 falchion (weapon)
Armour
 b - a +0 robe (worn)
Scrolls
 d - a scroll of immolation {unknown}
 i - a scroll of enchant weapon {unknown}
 j - a scroll of recharging {unknown}
 l - a scroll of teleportation {unknown}
 m - a scroll of magic mapping {unknown}
 n - a scroll of noise {unknown}
Potions
 e - a potion of might {unknown}
 g - 3 potions of curing {unknown}
 k - a potion of ambrosia {unknown}
Comestibles
 c - 2 bread rations
 f - a meat ration
 h - 3 chunks of flesh


   Skills:
 - Level 3.0 Fighting
 * Level 3.8 Long Blades
 - Level 2.6 Dodging
 - Level 1.7 Stealth


You had 2 spell levels left.
You didn't know any spells.

Dungeon Overview and Level Annotations

Branches:
Dungeon (1/15)

Altars:


Innate Abilities, Weirdness & Mutations

When seriously injured, your bleeding wounds create thick armour. (AC +9)


Message History

The frilled lizard is heavily wounded.
The frilled lizard bites you.
Your blood congeals into armour.
You miss the frilled lizard.
The frilled lizard is heavily wounded.
The frilled lizard bites you but does no damage.
You miss the frilled lizard.
The frilled lizard is heavily wounded.
The frilled lizard bites you but does no damage.
The frilled lizard misses you.
You hit the frilled lizard.
You kill the frilled lizard!
No target in view!
No target in view!
You aren't carrying or standing over any spellbooks.
Unknown command.
There is an open door here.
A jackal comes into view.
There is a staircase leading out of the dungeon here.
Are you sure you want to leave the Dungeon?
This will make you lose the game!
You have escaped!

#.######.#.....#### #.#
#.#.....# ###.### #.#######
#.....## #.######### #......#
#.........#
###'+++++###.#######.#
####..'....+..#.### #.#
#.....+....+......#####.##
#..#..+..@.'..............
#..#..+....+..h...#####.##
#..##.++++++#.....# #.#
#..##..........(..#####.#
###.........#####.........##
#.....รท.###.#####.#.#######.
#.####...##.........# #.
#.....########'### #.
#.##.#...# ##...## ##


You could see a jackal (wandering).

Vanquished Creatures
  A dart slug (D:1)
  A leopard gecko (D:1)
  5 goblins (D:1)
  6 hobgoblins (D:1)
  3 kobolds (D:1)
  4 bats (D:1)
  2 frilled lizards (D:1)
  3 rats (D:1)
25 creatures vanquished.

Notes
Turn   | Place    | Note
-------+----------+-------------------------------------------
     0 | D:1      | Alarkh the Demonspawn Monk began the quest for the Orb.
     0 | D:1      | Reached XP level 1. HP: 18/18 MP: 1/1
   326 | D:1      | Gained mutation: When seriously injured, your bleeding wounds create armour. (AC +9) [demonic ancestry]
   326 | D:1      | Reached XP level 2. HP: 23/24 MP: 2/2
   944 | D:1      | Gained mutation: When seriously injured, your bleeding wounds create thick armour. (AC +9) [demonic ancestry]
   944 | D:1      | Reached XP level 3. HP: 28/29 MP: 3/3
   962 | D:$      | Got out of the dungeon alive.

Vault maps used:
D:1:      lightli_arrival_maybe_door_vault, minmay_octomino_e4

Skill      XL: |  1 |
---------------+----+-----
Long Blades    | 3 |  3.8
Fighting       | |  3.0
Dodging        | |  2.6
Stealth        | |  1.7

Action                   || total
-------------------------++-------
Melee: Falchion          ||    73
 Stab: Sleeping          ||     3
Armor: Robe              ||    14
Dodge: Dodged            ||    56
       Rpst.: Falchion   ||    20
